 Dungeon Crawl Stone Soup version 0.30.1-4-g462c640d31 (webtiles) character file.

Game seed: 7164049551291565348

92 Bobit the Grasshopper (level 4, -2/38 HPs)
             Began as a Gnoll Warper on Aug 15, 2023.
             Killed by divine providence
             ... invoked by an orc priest
              (12 damage)
             ... on level 3 of the Dungeon.
             The game lasted 00:06:53 (2765 turns).

Bobit the Grasshopper (Gnoll Warper)                Turns: 2765, Time: 00:06:53

Health: -2/38      AC:  7    Str: 10    XL:     4   Next: 60%
Magic:  11/11      EV: 13    Int: 12    God:
Gold:   150        SH:  0    Dex: 14    Spells: 4/13 levels left

rFire   . . .        a - +0 falchion
rCold   . . .        (no shield)
rNeg    . . .        b - +0 leather armour
rPois   .            (no helmet)
rElec   .            (no cloak)
rCorr   .            (no gloves)
SInv    .            (no boots)
Will    .....        (no amulet)
Stlth   +            g - +4 ring of protection
HPRegen 0.26/turn    (no ring)
MPRegen 0.12/turn

%: no passive effects
@: no status effects
A: fangs 1, strong nose, distributed training
a: no special abilities


You were on level 3 of the Dungeon.
You visited 1 branch of the dungeon, and saw 3 of its levels.

You collected 150 gold pieces.

Inventory:

Hand Weapons
 a - a +0 falchion (weapon)
Missiles
 d - 7 boomerangs of dispersal (quivered)
Armour
 b - a +0 leather armour (worn)
Jewellery
 g - a +4 ring of protection (left hand)
 r - an amulet of magic regeneration
Scrolls
 c - a scroll of blinking
 f - a scroll of magic mapping {unknown}
 h - a scroll of enchant armour {unknown}
 i - 4 scrolls of teleportation {unknown}
 j - a scroll of vulnerability {unknown}
 l - a scroll of silence {unknown}
 q - a scroll of enchant weapon {unknown}
Potions
 e - 2 potions of berserk rage {unknown}
 k - 2 potions of ambrosia {unknown}
 m - a potion of mutation {unknown}
 n - 2 potions of brilliance {unknown}
 o - a potion of resistance {unknown}
 p - a potion of magic {unknown}
 s - a potion of invisibility {unknown}
 t - 2 potions of heal wounds {unknown}


   Skills:
 + Level 4.7 Fighting
 + Level 1.2 Short Blades
 + Level 4.7 Long Blades
 + Level 1.2 Axes
 + Level 1.2 Maces & Flails
 + Level 1.2 Polearms
 + Level 1.2 Staves
 + Level 1.2 Ranged Weapons
 + Level 2.8 Throwing
 + Level 2.8 Armour
 + Level 4.7 Dodging
 + Level 1.2 Stealth
 + Level 1.2 Shields
 + Level 1.2 Unarmed Combat
 + Level 5.1 Spellcasting
 + Level 1.0 Conjurations
 + Level 1.0 Hexes
 + Level 1.0 Summonings
 + Level 1.0 Necromancy
 + Level 5.5 Translocations
 + Level 1.0 Transmutations
 + Level 1.0 Fire Magic
 + Level 1.0 Ice Magic
 + Level 1.0 Air Magic
 + Level 1.0 Earth Magic
 + Level 1.0 Poison Magic
 + Level 1.3 Invocations
 + Level 1.2 Evocations


You had 4 spell levels left.
You knew the following spells:

 Your Spells              Type           Power      Damage    Failure   Level
a - Blink                 Tloc           32%        N/A       4%          2
b - Teleport Other        Tloc           16%        N/A       9%          3
c - Manifold Assault      Tloc           16%        N/A       26%         4

Your spell library contained the following spells:

 Spells                   Type           Power      Damage    Failure   Level
 Lesser Beckoning         Tloc           32%        N/A       4%          2
 Gell's Gravitas          Tloc           16%        N/A       9%          3
 Vhi's Electric Charge    Tloc/Air       20%        N/A       21%         3
 Dispersal                Tloc           8%         N/A       99%         6


Dungeon Overview and Level Annotations

Branches:
Dungeon (3/15)

Altars:

Shops:
D:2 =*([!


Innate Abilities, Weirdness & Mutations

You have very sharp teeth.
Your uncanny sense of smell can sniff out nearby items.
Your experience applies equally to all skills.


Message History

There is a large open door here.
There is a large open door here.
You hear the brisk rusting of a very distant drain.
An orc priest is nearby!
An orc priest is nearby!
An orc priest is nearby!
Found a scroll labelled ZEAREW COUX.
An orc priest comes into view. It is wielding a +0 club.
The orc priest shouts!
An orc comes into view. It is wielding a +0 hand axe.
The orc priest mumbles some strange prayers to Beogh against you.
Beogh smites you!
The orc shouts!
You hit the orc priest.
You bite the orc priest, but do no damage.
The orc priest is lightly wounded.
The orc priest closely misses you.
The orc priest hits you with a +0 flail.
Cast which spell? (? or * to list)
You blink.
The orc priest looks braver for a moment.
The orc priest calls down the wrath of Beogh upon you.
Pain shoots through your body!
You feel stable enough to blink again.
The orc priest invokes the aid of Beogh against you.
Beogh smites you!
* * * LOW HITPOINT WARNING * * *
The orc priest looks encouraged for a moment.
There is a large open door here.
The orc priest invokes the aid of Beogh against you.
Beogh smites you!
* * * LOW HITPOINT WARNING * * *
There is a large open door here.
Casting: Blink (safe; 4% risk of failure)
Confirm with . or Enter, or press ? or * to list all spells.
You blink.
You feel stable enough to blink again.
The orc priest mumbles some strange prayers to Beogh against you.
Beogh smites you!
You die...

..#####....# #.......#
#.#####...o# #.......#
#.........o###
#........
#######.....(#
#........
######.#######
########+#. #...÷...#
#.......... #.......#
#.......... #.......#
#..........
#....@..####..........
#######...÷#..........
####)'>.........
###........<.
#.....##.##
#.######..# #.# ##.#
#.# #.. ..# ###


You could see an orc priest and an orc.

Vanquished Creatures
  A gnoll (D:1)
  An adder (D:3)
  A worm (D:2)
  A dart slug (D:2)
  3 orcs (D:3)
  4 ball pythons
  12 bats
  5 endoplasms
  4 giant cockroaches
  A goblin (D:1)
  4 hobgoblins
  5 jackals
  2 quokkas
  A frilled lizard (D:3)
  10 kobolds
  2 rats (D:1)
57 creatures vanquished.

Notes
Turn   | Place    | Note
-------+----------+-------------------------------------------
     0 | D:1      | Bobit the Gnoll Warper began the quest for the Orb.
     0 | D:1      | Reached XP level 1. HP: 20/20 MP: 6/6
   267 | D:1      | Reached XP level 2. HP: 26/26 MP: 7/7
  1054 | D:1      | Reached skill level 5 in Spellcasting
  1054 | D:1      | Reached XP level 3. HP: 31/31 MP: 7/9
  1220 | D:1      | Reached skill level 1 in Invocations
  1375 | D:2      | Found Qumin's Armour Shop.
  1600 | D:2      | Reached skill level 1 in Short Blades
  1600 | D:2      | Reached skill level 1 in Axes
  1600 | D:2      | Reached skill level 1 in Maces & Flails
  1600 | D:2      | Reached skill level 1 in Polearms
  1600 | D:2      | Reached skill level 1 in Staves
  1600 | D:2      | Reached skill level 1 in Ranged Weapons
  1600 | D:2      | Reached skill level 1 in Stealth
  1600 | D:2      | Reached skill level 1 in Shields
  1600 | D:2      | Reached skill level 1 in Unarmed Combat
  1600 | D:2      | Reached skill level 1 in Evocations
  1629 | D:2      | Found Ethrits's Assorted Antiques.
  1664 | D:2      | Found Dout's Jewellery Emporium.
  1675 | D:2      | Learned a level 2 spell: Blink
  1679 | D:2      | Learned a level 3 spell: Teleport Other
  1701 | D:2      | Found Junij's Weapon Shop.
  1934 | D:2      | Found Cyh Fasi's Distillery.
  2330 | D:3      | Reached XP level 4. HP: 35/38 MP: 11/11
  2525 | D:3      | Reached skill level 1 in Conjurations
  2525 | D:3      | Reached skill level 1 in Hexes
  2525 | D:3      | Reached skill level 1 in Summonings
  2525 | D:3      | Reached skill level 1 in Necromancy
  2525 | D:3      | Reached skill level 1 in Transmutations
  2525 | D:3      | Reached skill level 1 in Fire Magic
  2525 | D:3      | Reached skill level 1 in Ice Magic
  2525 | D:3      | Reached skill level 1 in Air Magic
  2525 | D:3      | Reached skill level 1 in Earth Magic
  2525 | D:3      | Reached skill level 1 in Poison Magic
  2601 | D:2      | Learned a level 4 spell: Manifold Assault
  2765 | D:3      | Killed from afar by an orc priest

Illustrated notes

Levels and vault maps discovered:
D:1:      erik_arrival_orb_chamber, layout_loops_corners
D:2:      layout_loops_ring, serial_shops, nicolae_shop_hallway_plus,
          nicolae_shop_tiny_statue_garden, shop, shop,
          nicolae_shop_pleasant_corner_grove, minmay_pentomino_p4
D:3:      layout_basic, portal_sewer_entry_b

Skill      XL: |  1  2  3  4 |
---------------+-------------+-----
Spellcasting   | 5 |  5.1
Invocations    | 1 |  1.3
Short Blades   | 1 |  1.2
Axes           | 1 |  1.2
Maces & Flails | 1 |  1.2
Polearms       | 1 |  1.2
Staves         | 1 |  1.2
Ranged Weapons | 1 |  1.2
Stealth        | 1 |  1.2
Shields        | 1 |  1.2
Unarmed Combat | 1 |  1.2
Evocations     | 1 |  1.2
Conjurations   | 1 |  1.0
Hexes          | 1 |  1.0
Summonings     | 1 |  1.0
Necromancy     | 1 |  1.0
Transmutations | 1 |  1.0
Fire Magic     | 1 |  1.0
Ice Magic      | 1 |  1.0
Air Magic      | 1 |  1.0
Earth Magic    | 1 |  1.0
Poison Magic   | 1 |  1.0
Fighting       | |  4.7
Long Blades    | |  4.7
Throwing       | |  2.8
Armour         | |  2.8
Dodging        | |  4.7
Translocations | |  5.5

Action                     |  1- 3 |  4- 6 || total
---------------------------+-------+-------++-------
  Melee: Falchion          |   132 |    61 ||   193
         Bite              |     6 |     6 ||    12
         Punch             |     3 |     1 ||     4
   Cast: Blink             |       |     2 ||     2
   Stab: Sleeping          |     1 |     1 ||     2
 Armour: Leather armour    |    35 |    37 ||    72
  Dodge: Dodged            |   125 |    67 ||   192
